 Dungeon Crawl Stone Soup version 0.23.2-33-g5129a83184 (webtiles) character file.

Game seed: 11305826063478549375

200 Felnil the Shield-Bearer (level 5, -6/70 HPs)
             Began as a Minotaur Fighter on Aug 6, 2019.
             Mangled by an ogre
             ... wielding a +0 giant club
              (9 damage)
             ... on level 4 of the Dungeon.
             The game lasted 00:11:31 (2669 turns).

Felnil the Shield-Bearer (Minotaur Fighter)         Turns: 2669, Time: 00:11:31

Health: -6/70      AC: 22    Str: 22    XL:     5   Next: 49%
Magic:  4/4        EV:  2    Int:  5    God:
Gold:   212        SH: 10    Dex:  9    Spells: 4/4 levels left

rFire    . . .     SeeInvis +   h - +2 hand axe (chop)
rCold    . . .     Gourm    .   c - +0 shield
rNeg     + + +     Faith    +   (armour currently unavailable)
rPois    +         Spirit   .   (helmet currently unavailable)
rElec    .         Reflect  .   (cloak currently unavailable)
rCorr    .         Harm     .   (gloves currently unavailable)
MR       .....     NoTele   +   (boots currently unavailable)
Stlth    ++........             w - amulet of faith
HPRegen  0.21/turn              n - ring of see invisible
MPRegen  0.09/turn              t - ring of stealth

@: tree-form
A: (retaliatory headbutt)
a: no special abilities


You were on level 4 of the Dungeon.
You were near starving.
You were a tree.
You visited 1 branch of the dungeon, and saw 4 of its levels.

You collected 212 gold pieces.

Inventory:

Hand Weapons
 a - a +0 war axe
 h - a +2 hand axe of chopping (weapon)
Armour
 b - a +0 scale mail (melded)
 c - a +0 shield (worn)
 k - a +0 hat (melded)
Jewellery
 n - a ring of see invisible (left branch)
 t - a ring of stealth (right branch)
 w - an amulet of faith (around neck)
Scrolls
 e - a scroll of blinking
 m - a scroll of identify
 p - 2 scrolls of teleportation
Potions
 d - a potion of might
 l - 2 potions of flight
 o - a potion of lignification
 r - a potion of degeneration {unknown}
 s - a potion of mutation {unknown}
 v - a potion of haste {unknown}
Comestibles
 f - 8 rations


   Skills:
 + Level 4.8 Fighting
 + Level 3.9 Axes
 + Level 4.8 Armour
 + Level 5.0 Shields


You had 4 spell levels left.
You didn't know any spells.
Your spell library was empty.

Dungeon Overview and Level Annotations

Branches:
Dungeon (4/15)
 Temple: D:4-7

Altars:
Ashenzari
Makhleb
Ru


Innate Abilities, Weirdness & Mutations

((You reflexively headbutt those who attack you in melee.))
((You have a pair of horns on your head.))


Message History

You are too injured to fight recklessly!
As you read the scroll of teleportation, it crumbles to dust.
You feel strangely unstable. The ogre hits you with a +0 giant club!
* * * LOW HITPOINT WARNING * * *
The frilled lizard bites you but does no damage.
You block the frilled lizard's attack. You block the ogre's attack.
Your surroundings suddenly seem different.
An ogre comes into view. It is wielding a +0 giant club.
The ogre shouts!
It was a potion of lignification.
You turn into a tree.
Your +0 hat melds into your body.
Your +0 scale mail melds into your body.
Your roots penetrate the ground.
There are no items here.
You barely miss the ogre. The ogre hits you with a +0 giant club.
* * * LOW HITPOINT WARNING * * *
You slash the ogre!
The ogre is heavily wounded.
The ogre hits you with a +0 giant club!
You die...

#.# #.#
#.# #.#
#.# #.#
#.# #♣##
#.O##
##..###
##...#
###....#
#####


You could see an ogre.

Vanquished Creatures
  A worker ant (D:4)
  5 gnolls
  6 adders
  An ooze (D:3)
  A worm (D:2)
  2 dart slugs (D:2)
  2 leopard geckos
  8 bats
  4 giant cockroaches
  4 goblins
  7 hobgoblins
  7 jackals
  6 kobolds
  2 quokkas (D:2)
  5 frilled lizards
  3 rats
64 creatures vanquished.

Notes
Turn   | Place    | Note
-------+----------+-------------------------------------------
     0 | D:1      | Felnil the Minotaur Fighter began the quest for the Orb.
     0 | D:1      | Reached XP level 1. HP: 19/19 MP: 0/0
    17 | D:1      | Reached XP level 2. HP: 15/27 MP: 1/1
   427 | D:1      | Reached skill level 4 in Shields
   520 | D:1      | Reached XP level 3. HP: 33/33 MP: 2/2
   926 | D:2      | Found a shattered altar of Ashenzari.
  1008 | D:2      | Reached XP level 4. HP: 34/40 MP: 3/3
  1099 | D:2      | Found a sacrificial altar of Ru.
  1591 | D:3      | Reached XP level 5. HP: 7/47 MP: 4/4
  2161 | D:3      | Found a burning altar of Makhleb.
  2620 | D:4      | Reached skill level 5 in Shields
  2655 | D:4      | Noticed an ogre
  2656 | D:4      | Noticed an ogre
  2661 | D:4      | HP: 2/47 [ogre/+0 giant club (11)]
  2663 | D:4      | Noticed an ogre
  2668 | D:4      | HP: 2/70 [ogre/+0 giant club (3)]
  2669 | D:4      | Mangled by an ogre

Skill      XL: |  1  2  3  4  5 |
---------------+----------------+-----
Fighting       | 4 |  4.8
Armour         | 4 |  4.8
Shields        | 4 5 |  5.0
Axes           | 3 |  3.9

Action                   |  1- 3 |  4- 6 || total
-------------------------+-------+-------++-------
Melee: War axe           |    25 |       ||    25
       Headbutt          |     9 |    15 ||    24
       Hand axe          |    52 |    77 ||   129
  Use: Scroll            |       |     8 ||     8
       Potion            |       |     1 ||     1
  Eat: Chunk             |       |     4 ||     4
Armor: Scale mail        |    36 |    31 ||    67
Dodge: Dodged            |    22 |    25 ||    47
Block: Shield            |    41 |    33 ||    74
